 Dungeon Crawl Stone Soup version 0.30-b1-2-g02819fbbbe (webtiles) character file.

Game seed: 14645540790038218345

157855 Arcadio the Tortoise (level 17, -1/170 HPs)
             Began as a Minotaur Fighter on May 13, 2023.
             Was the Champion of Uskayaw.
             Killed from afar by a shock serpent (16 damage)
             ... with a bolt of electricity
             ... on level 4 of the Snake Pit.
             The game lasted 01:12:21 (27287 turns).

Arcadio the Tortoise (Minotaur Fighter)            Turns: 27287, Time: 01:12:22

Health: -1/170     AC: 35    Str: 32    XL:     17   Next: 13%
Magic:  24/24      EV:  9    Int:  5    God:    Uskayaw [******]
Gold:   1270       SH:  7    Dex: 15    Spells: 16/16 levels left

rFire   . . .        l - +3 broad axe (freeze)
rCold   + . .        m - +0 buckler {rC+}
rNeg    . . .        Q - +11 chain mail "Meycror" {+Inv rPois Dex+2}
rPois   +            R - +0 hat {Stlth+}
rElec   .            M - +0 cloak
rCorr   .            v - +0 pair of gloves
SInv    .            u - +0 pair of boots
Will    +....        L - amulet of regeneration
Stlth   x              - +4 ring of protection
HPRegen 1.28/turn    G - +6 ring of strength
MPRegen 0.19/turn

%: no passive effects
@: weakened
A: horns 2, retaliatory headbutt
a: Renounce Religion, Evoke Invisibility, Stomp, Line Pass, Grand Finale


You were on level 4 of the Snake Pit.
You worshipped Uskayaw.
Uskayaw was aware of your devotion.
You visited 5 branches of the dungeon, and saw 27 of its levels.
You visited the Abyss 3 times.
You also visited: Ice Cave.

You collected 2945 gold pieces.
You spent 1675 gold pieces at shops.

Inventory:

Hand Weapons
 l - a +3 broad axe of freezing (weapon)
 E - the +2 morningstar of Defiance {venom, Str+2}
   (You found it on level 5 of the Lair of Beasts)

   Str:       It affects your strength (+2).
 J - the +7 short sword of Winter {venom, SInv}
   (You found it on level 5 of the Lair of Beasts)

   SInv:      It lets you see invisible.
Armour
 b - a +2 plate armour of cold resistance
 m - a +0 buckler of cold resistance (worn)
 u - a +0 pair of boots (worn)
 v - a +0 pair of gloves (worn)
 H - a +0 tower shield
 M - a +0 cloak (worn)
 Q - the +11 chain mail "Meycror" (worn) {+Inv rPois Dex+2}
   (You found it on level 11 of the Dungeon)

   Dex:       It affects your dexterity (+2).
   rPois:     It protects you from poison.
   +Inv:      It lets you turn invisible.
 R - a +0 hat of stealth (worn)
 V - a +2 chain mail of fire resistance
Jewellery
 x - a +4 ring of protection (left hand)
 y - a +6 ring of strength
 G - a +6 ring of strength (right hand)
 L - an amulet of regeneration (around neck)
 N - a ring of poison resistance
 P - an amulet of reflection
 U - a ring of protection from cold
Wands
 c - a wand of digging (7)
 f - a wand of iceblast (24)
 D - a wand of flame (28)
 O - a wand of charming (21)
 X - a wand of mindburst (4)
Scrolls
 a - a scroll of torment
 e - 2 scrolls of blinking
 g - 4 scrolls of enchant armour
 i - 2 scrolls of magic mapping
 k - 10 scrolls of amnesia
 n - 14 scrolls of teleportation
 q - 8 scrolls of poison
 t - 8 scrolls of fog
 C - 3 scrolls of immolation
 K - 2 scrolls of fear
 S - a scroll of vulnerability
 W - 2 scrolls of silence
 Y - 2 scrolls of butterflies
Potions
 d - 4 potions of might
 h - 4 potions of attraction
 j - 14 potions of curing
 o - 8 potions of haste
 p - 2 potions of invisibility
 s - 10 potions of mutation
 w - 8 potions of heal wounds
 z - 3 potions of ambrosia
 A - 3 potions of berserk rage
 B - 8 potions of flight
 F - 2 potions of lignification
 I - 3 potions of cancellation
 T - a potion of resistance
 Z - a potion of magic {unknown}


   Skills:
 + Level 19.8 Fighting
 + Level 19.7 Axes
 + Level 19.9 Armour
 + Level 10.4 Shields
 - Level 10.7 Invocations


You had 16 spell levels left.
You didn't know any spells.
Your spell library contained the following spells:

 Spells                   Type           Power      Damage    Failure   Level
 Apportation              Tloc           0%         N/A       78%         1
 Necrotise                Necr           0%         1d4       78%         1
 Sandblast                Erth           0%         2d4       78%         1
 Summon Small Mammal      Summ           0%         N/A       78%         1
 Blink                    Tloc           0%         N/A       89%         2
 Cigotuvi's Dreadful Rot  Necr/Pois/Air  0%         N/A       89%         2
 Ensorcelled Hibernation  Hex/Ice        0%         N/A       89%         2
 Lesser Beckoning         Tloc           0%         N/A       89%         2
 Momentum Strike          Conj/Tloc      0%         3d8       89%         2
 Passwall                 Tmut/Erth      0%         N/A       89%         2
 Sublimation of Blood     Necr           0%         N/A       89%         2
 Wereblood                Tmut           0%         N/A       89%         2
 Call Canine Familiar     Summ           0%         N/A       98%         3
 Hailstorm                Conj/Ice       0%         3d3       98%         3
 Ignite Poison            Fire/Tmut/Pois 0%         N/A       98%         3
 Inner Flame              Hex/Fire       0%         N/A       98%         3
 Portal Projectile        Hex/Tloc       0%         N/A       98%         3
 Stone Arrow              Conj/Erth      0%         3d7       98%         3
 Swiftness                Air            0%         N/A       98%         3
 Vhi's Electric Charge    Tloc/Air       0%         N/A       98%         3
 Animate Dead             Necr           0%         N/A       100%        4
 Dispel Undead            Necr           0%         3d6       100%        4
 Ice Form                 Ice/Tmut       0%         N/A       100%        4
 Leda's Liquefaction      Hex/Erth       0%         N/A       100%        4
 Sticky Flame             Conj/Fire      0%         2d3       100%        4
 Summon Lightning Spire   Summ/Air       0%         N/A       100%        4
 Alistair's Intoxication  Tmut/Pois      0%         N/A       100%        5
 Arcjolt                  Conj/Air       0%         1d10      100%        5
 Borgnjor's Vile Clutch   Necr/Erth      0%         N/A       100%        5
 Yara's Violent Unravell  Hex/Tmut       0%         3d3       100%        5
 Death Channel            Necr           0%         N/A       100%        6
 Simulacrum               Ice/Necr       0%         N/A       100%        6
 Enfeeble                 Hex            0%         N/A       100%        7
 Haunt                    Necr/Summ      0%         N/A       100%        7
 Malign Gateway           Summ/Tloc      0%         N/A       100%        7
 Storm Form               Tmut/Air       0%         N/A       100%        7
 Summon Hydra             Summ           0%         N/A       100%        7
 Ignition                 Fire           0%         3d3       100%        8
 Infestation              Necr           0%         N/A       100%        8
 Maxwell's Capacitive Co  Air            0%         ∞         100%        8
 Summon Horrible Things   Summ           0%         N/A       100%        8


Dungeon Overview and Level Annotations

Branches:
Dungeon (15/15) Zot: 25470  Temple (1/1) D:6 Zot: 5945    Lair (5/5) D:9 Zot: 25482
  Swamp (0/4) Lair:2        Snake (4/4) Lair:3 Zot: 21114   Slime (0/5) Lair:4
    Orc (2/2) D:11 Zot: 10017     Elf (0/3) Orc:2        Vaults (0/5) D:14
 Depths (0/4) D:15          IceCv (visited)

Altars:
Ashenzari
Elyvilon
Fedhas
Gozag
Kikubaaqudgha
Nemelex Xobeh
Qazlal
Sif Muna
Trog
Uskayaw
Vehumet
Xom
The Shining One

Shops:
D:5 *   D:13 ?![*:   Orc:2 [=*(   Snake:1 *   Snake:2 (   Snake:3 ((!=[

Annotations:
D:5 1 runed translucent door, phunky83's ghost, amateur DrIE
D:7 2 transporters, 2 runed translucent doors, p0werm0de's ghost, novice OgDe
Snake:1 2 transporters, Zoimialu's ghost, adept OpHW


Innate Abilities, Weirdness & Mutations

You have a pair of horns on your head.
You reflexively headbutt those who attack you in melee.


Message History

The naga spits poison at you.
The splash of poison hits you but does no damage.
You resist.
You slice the naga!! You freeze the naga.
You kill the naga!
You completely miss the salamander mystic.
The salamander mystic hits you but does no damage.
You slash the shock serpent! You freeze the shock serpent.
The shock serpent is moderately wounded.
You hit the salamander mystic but do no damage.
The shock serpent's electric aura discharges, shocking you!
* * * LOW HITPOINT WARNING * * *
The shock serpent closely misses you.
The salamander mystic hits you but does no damage.
You slice the shock serpent!!
The shock serpent seems to slow down.
You freeze the shock serpent!
The shock serpent is severely wounded.
You hit the salamander mystic. You freeze the salamander mystic.
The shock serpent's electric aura discharges, shocking you!
* * * LOW HITPOINT WARNING * * *
The shock serpent shoots out a bolt of lightning at you!
The bolt of electricity hits you!!
* * * LOW HITPOINT WARNING * * *
The bolt of electricity hits you but does no damage.
The bolt of electricity hits the shock serpent.
The shock serpent completely resists.
Uskayaw links your audience in an emotional bond!
You feel much better.
The salamander mystic hits you but does no damage.
The shock serpent bites you.
* * * LOW HITPOINT WARNING * * *
The shock serpent shocks you!
* * * LOW HITPOINT WARNING * * *
You feel much better.
The salamander mystic hits you but does no damage.
The shock serpent shoots out a bolt of lightning at you!
The bolt of electricity hits you!
* * * LOW HITPOINT WARNING * * *
The bolt of electricity hits you!
You die...

#...# #.. #.###
#... #.### #...#
#...##...#
##.#.#...#
#..#)'..#
#.##.'..#
##.##S#...#
§≈####.)##@##...#
≈≈.§...))N)#
#...# #.§...).###
#... #....)).#
#.. #.......# #.
§.........
...........
.§§.........
≈≈.§........#


You could see a salamander mystic (pain bonded) and a shock serpent (slow, pain
bonded).

Vanquished Creatures
  Jorgrun (Orc:1)
  Gastronok (Lair:3)
  Kirke (D:12)
  Donald (Orc:2)
  4 nagarajas
  Louise (D:14)
  An orc warlord (Orc:2)
  A dire elephant (Lair:5)
  Azrael (Orc:1)
  Snorg (Orc:1)
  An ettin (D:14)
  An entropy weaver (shapeshifter) (D:14)
  Erolcha (Orc:2)
  Fannar (D:12)
  A fire dragon (D:15)
  2 salamander tyrants
  A catoblepas (Lair:5)
  4 hydras
  8 centaur warriors
  7 anacondas
  3 two-headed ogres
  14 death yaks
  A boulder beetle (Lair:2)
  10 naga warriors
  5 shock serpents
  Urug (D:12)
  A deep troll shaman (Lair:5)
  An orc high priest (Orc:2)
  4 naga sharpshooters
  Nergalle (Orc:2)
  2 skysharks
  4 salamander mystics
  Lodul (D:12)
  2 bog bodies
  3 naga ritualists
  4 orc knights
  4 wizards
  Pikel (D:8)
  9 mana vipers
  A lindwurm (Lair:5)
  2 necromancers
  3 deep elf pyromancers
  5 manticores
  4 orc sorcerers
  6 cyclopes
  16 ugly things
  23 salamanders
  An ice statue (IceCv)
  20 black mambas
  3 guardian serpents
  18 elephants (Lair:5)
  A centaur zombie (D:15)
  Maurice (D:12)
  18 naga magi
  A gargoyle (D:12)
  6 orange demons
  5 cane toads
  A rime drake (Lair:4)
  A centaur skeleton (D:15)
  2 unseen horrors
  3 kobold demonologists
  3 efreet
  8 freezing wraiths
  13 ice devils (IceCv)
  9 komodo dragons
  3 red devils (D:10)
  An ancient zyme (Abyss:2)
  6 polar bears
  3 meliai (D:15)
  A hornet (D:9)
  10 trolls
  Grinder (D:3)
  4 dream sheep (Lair:5)
  14 slime creatures
  Sigmund (D:3)
  3 centaur simulacra (D:15)
  33 yaks
  3 vampires
  2 fire elementals (Orc:1)
  2 wraiths
  6 wyverns
  A shadow (D:12)
  2 basilisks
  4 death yak simulacra (IceCv)
  4 hogs
  6 vampire mosquitoes
  A neqoxec (Abyss:2)
  4 wargs
  A steam dragon (D:8)
  44 nagas
  A hydra simulacrum (IceCv)
  3 harpy simulacra (IceCv)
  13 water moccasins
  2 hell hounds
  25 orc warriors
  2 ice beasts
  2 black bears
  4 sky beasts
  20 ogres
  4 wolves (Lair:5)
  3 lemures
  A phantom (D:6)
  7 centaurs
  6 kobold brigands
  9 bullfrogs
  3 gnoll sergeants (D:11)
  3 cane toad simulacra (IceCv)
  3 scorpions
  2 two-headed ogre simulacra (IceCv)
  22 wights
  4 elephant simulacra (IceCv)
  5 killer bees
  8 howler monkeys
  3 electric eels
  A lava snake (Snake:4)
  2 small abominations (Abyss:2)
  6 jellies
  3 hounds
  16 orc priests
  2 sleepcaps
  Jessica (D:3)
  7 iguanas
  18 orc wizards
  Ijyb (D:3)
  Natasha (D:3)
  5 polar bear simulacra (IceCv)
  4 wolf simulacra (IceCv)
  Robin (D:3)
  6 adders
  17 gnolls
  2 naga simulacra (IceCv)
  4 river rats
  2 shadow imps
  16 white imps
  3 ufetubi
  4 worms
  4 dart slugs
  46 orcs
  6 endoplasms
  5 giant cockroaches
  13 goblins
  7 hobgoblins
  6 jackals (D:2)
  4 quokkas
  3 ball pythons
  8 bats
  31 kobolds
  11 rats
  A bush (Lair:5)
  A butterfly (Lair:1)
868 creatures vanquished.

Vanquished Creatures (others)
  2 humans (D:12)
  18 fungi
  26 plants
  4 starspawn tentacles (Abyss:2)
50 creatures vanquished.

Grand Total: 918 creatures vanquished

Notes
Turn   | Place    | Note
-------+----------+-------------------------------------------
     0 | D:1      | Arcadio the Minotaur Fighter began the quest for the Orb.
     0 | D:1      | Reached XP level 1. HP: 19/19 MP: 0/0
   235 | D:1      | Reached XP level 2. HP: 20/27 MP: 1/1
   837 | D:2      | Reached XP level 3. HP: 33/33 MP: 2/2
  1039 | D:2      | Reached XP level 4. HP: 22/41 MP: 3/3
  1436 | D:2      | Found a faded altar of an unknown god.
  1439 | D:2      | Prayed at the altar of an unknown god.
  1439 | D:2      | Became a worshipper of the Shining One
  1439 | D:2      | Reached * piety under the Shining One
  1986 | D:3      | Found an ancient bone altar of Kikubaaqudgha.
  2008 | D:3      | Noticed Jessica
  2010 | D:3      | Killed Jessica
  2011 | D:3      | Reached skill level 5 in Armour
  2011 | D:3      | Reached XP level 5. HP: 47/47 MP: 4/4
  2011 | D:3      | Noticed Sigmund
  2019 | D:3      | Noticed Grinder
  2028 | D:3      | Killed Sigmund
  2029 | D:3      | Reached skill level 5 in Fighting
  2029 | D:3      | Reached XP level 6. HP: 55/56 MP: 5/5
  2035 | D:3      | Paralysed by Grinder for 3 turns
  2040 | D:3      | Killed Grinder
  2041 | D:3      | Reached skill level 5 in Axes
  2116 | D:3      | Noticed Ijyb
  2133 | D:3      | Noticed Robin
  2136 | D:3      | Killed Robin
  2159 | D:3      | Killed Ijyb
  2160 | D:3      | Reached XP level 7. HP: 25/63 MP: 6/6
  2386 | D:3      | Noticed Natasha
  2393 | D:3      | Killed Natasha
  3817 | D:5      | Entered Level 5 of the Dungeon
  3856 | D:5      | Reached XP level 8. HP: 70/73 MP: 7/7
  4143 | D:5      | Found a runed translucent door.
  4146 | D:5      | Noticed phunky83's ghost (amateur DrIE)
  4146 | D:5      | Reached ** piety under the Shining One
  4199 | D:5      | Found Lerrecih's Neck Hole.
  5214 | D:6      | Reached XP level 9. HP: 82/82 MP: 8/8
  5350 | D:6      | Found a staircase to the Ecumenical Temple.
  5524 | D:6      | Reached *** piety under the Shining One
  5556 | Temple   | Entered the Ecumenical Temple
  5594 | Temple   | Fell from the grace of the Shining One
  5594 | Temple   | Became a worshipper of Uskayaw the Reveller
  5655 | D:6      | Reached * piety under Uskayaw
  5658 | D:6      | Reached ** piety under Uskayaw
  5940 | D:7      | Reached *** piety under Uskayaw
  5944 | D:7      | Reached **** piety under Uskayaw
  6006 | D:7      | Noticed a queen bee
  6009 | D:7      | Noticed p0werm0de's ghost (novice OgDe)
  6019 | D:7      | Found a transporter.
  6024 | D:7      | Found a transporter.
  6405 | D:7      | Reached skill level 10 in Fighting
  6405 | D:7      | Reached skill level 10 in Armour
  6408 | D:7      | Reached ***** piety under Uskayaw
  6409 | D:7      | Reached skill level 10 in Axes
  6558 | D:7      | Reached XP level 10. HP: 87/94 MP: 7/9
  6592 | D:7      | Found a sparkling altar of Nemelex Xobeh.
  6640 | D:7      | Identified the +4 long sword of Annihilation {flame, Str+4}
  6687 | D:7      | Found a runed translucent door.
  6690 | D:7      | Found a runed translucent door.
  6690 | D:7      | Noticed a deep elf pyromancer
  6799 | D:7      | Identified the +2 robe of Echenin {Regen+}
  6955 | D:7      | Noticed a cyclops
  6995 | D:7      | Reached ****** piety under Uskayaw
  7009 | D:7      | Killed a cyclops
  7830 | D:8      | Found a glowing golden altar of the Shining One.
  8457 | D:5      | Bought an amulet of regeneration for 360 gold pieces
  8457 | D:5      | Bought a +0 cloak for 54 gold pieces
  8769 | D:8      | Found a stormy altar of Qazlal.
  8769 | D:8      | Found a shimmering blue altar of Sif Muna.
  8840 | D:9      | Noticed a death yak
  8859 | D:8      | Killed a death yak
  8905 | D:9      | Reached XP level 11. HP: 79/104 MP: 10/10
  8965 | D:9      | Noticed a death yak
  8965 | D:9      | Noticed a death yak
  8996 | D:8      | Killed a death yak
  9019 | D:9      | Noticed Pikel
  9190 | D:10     | Entered Level 10 of the Dungeon
  9388 | D:9      | Killed a death yak
  9400 | D:9      | Found a staircase to the Lair.
  9492 | D:8      | Killed Pikel
  9701 | D:10     | You fall into a shaft and drop 2 floors!
  9938 | D:11     | Found a broken altar of Ashenzari.
  9956 | D:11     | Reached skill level 1 in Invocations
 10327 | D:11     | Noticed a two-headed ogre
 10336 | D:11     | Killed a two-headed ogre
 10580 | D:11     | Identified the +11 chain mail "Meycror" {+Inv rPois Dex+2}
 10689 | D:11     | Found a staircase to the Orcish Mines.
 10729 | D:11     | Reached XP level 12. HP: 34/116 MP: 13/13
 11577 | Orc:1    | Entered Level 1 of the Orcish Mines
 11666 | Orc:2    | Entered Level 2 of the Orcish Mines
 11678 | Orc:2    | Noticed Jorgrun
 11827 | Orc:2    | Noticed Azrael
 11903 | Orc:1    | Killed Azrael
 11904 | Orc:1    | Reached skill level 5 in Invocations
 12008 | Orc:1    | Killed Jorgrun
 12254 | Orc:2    | Noticed Erolcha
 12275 | Orc:1    | Noticed Snorg
 12287 | Orc:1    | Killed Snorg
 12664 | Lair:1   | Entered Level 1 of the Lair of Beasts
 12701 | Lair:1   | Found a frozen archway.
 12738 | IceCv    | Entered an ice cave
 12773 | IceCv    | Reached skill level 15 in Fighting
 12773 | IceCv    | Reached skill level 15 in Armour
 12778 | IceCv    | Reached XP level 13. HP: 61/126 MP: 16/16
 12910 | IceCv    | Found an ancient bone altar of Kikubaaqudgha.
 13247 | IceCv    | Reached skill level 15 in Axes
 14338 | Lair:2   | Found a staircase to the Swamp.
 15226 | Lair:3   | Noticed Gastronok
 15255 | Lair:3   | Killed Gastronok
 15415 | Lair:3   | Found a staircase to the Snake Pit.
 15568 | Lair:3   | Found a radiant altar of Vehumet.
 16527 | Lair:4   | Found a staircase to the Slime Pits.
 16546 | Lair:4   | Reached XP level 14. HP: 80/137 MP: 19/19
 16981 | Lair:5   | Entered Level 5 of the Lair of Beasts
 17767 | Lair:5   | Identified the +7 short sword of Winter {venom, SInv}
 17913 | Lair:5   | Identified the +3 leather armour of Sif Muna's Delight
                  | {Regen+ rCorr Dex-2}
 17919 | Lair:5   | Identified the +2 morningstar of Defiance {venom, Str+2}
 18258 | Orc:2    | Noticed Donald
 18278 | Orc:2    | Killed Donald
 18279 | Orc:2    | Reached skill level 10 in Invocations
 18776 | D:12     | Noticed Maurice
 18785 | D:12     | Killed Maurice
 18807 | D:12     | Noticed Lodul
 18815 | D:12     | Killed Lodul
 18877 | D:12     | Noticed Fannar
 18892 | D:12     | Killed Fannar
 18897 | D:12     | Reached XP level 15. HP: 113/147 MP: 21/21
 18971 | D:12     | Noticed Kirke
 19130 | D:12     | Killed Kirke
 19428 | D:12     | Noticed Urug
 19436 | D:12     | Killed Urug
 19660 | D:13     | Found Feckiy's Antique Armour Boutique.
 19660 | D:13     | Found Roub's General Store.
 19662 | D:13     | Found Boorotul's Distillery.
 19663 | D:13     | Found Syrefykla's Magic Scroll Boutique.
 19682 | D:13     | Bought a scroll of identify for 30 gold pieces
 19682 | D:13     | Bought a scroll of identify for 30 gold pieces
 19682 | D:13     | Bought a scroll of silence for 142 gold pieces
 19789 | Orc:2    | Killed Erolcha
 19870 | Orc:2    | Noticed Nergalle
 19947 | Orc:2    | Killed Nergalle
 20042 | Orc:2    | Found a staircase to the Elven Halls.
 20096 | Orc:2    | Found Ticlil Omu's General Store.
 20109 | Orc:2    | Found Voumnifa's Antique Armour Shop.
 20154 | Orc:2    | Found Roeblim's Jewellery Shop.
 20167 | Orc:2    | Bought a scroll of identify for 28 gold pieces
 20340 | Orc:2    | Found Hiwnoun's Antique Weapon Shop.
 20604 | D:13     | Bought a scroll of enchant armour for 112 gold pieces
 20604 | D:13     | Bought a scroll of silence for 142 gold pieces
 20604 | D:13     | Bought a scroll of butterflies for 60 gold pieces
 20604 | D:13     | Bought a scroll of teleportation for 45 gold pieces
 20608 | D:13     | Bought 2 potions of invisibility for 240 gold pieces
 20608 | D:13     | Bought a potion of might for 60 gold pieces
 20608 | D:13     | Bought a potion of heal wounds for 75 gold pieces
 20608 | D:13     | Bought a potion of heal wounds for 75 gold pieces
 20608 | D:13     | Bought a potion of might for 60 gold pieces
 20611 | D:13     | Bought a potion of curing for 30 gold pieces
 20910 | D:13     | Found Agogut's Book Shop.
 21735 | D:14     | Found a gate to the Vaults.
 21966 | D:14     | Noticed Louise
 21966 | Abyss:2  | Cast into level 2 of the Abyss (Louise)
 21970 | Abyss:2  | Found a corrupted altar of Lugonu.
 22029 | D:14     | Escaped the Abyss
 22054 | D:14     | Killed Louise
 22055 | D:14     | Reached skill level 5 in Shields
 22507 | D:15     | Entered Level 15 of the Dungeon
 23170 | D:15     | Paralysed by an orc sorcerer for 2 turns
 23185 | Abyss:2  | Cast into level 2 of the Abyss (a wizard)
 23204 | Abyss:2  | Noticed a tentacled starspawn
 23221 | D:15     | Escaped the Abyss
 23886 | D:15     | Found a staircase to the Depths.
 24180 | Snake:1  | Entered Level 1 of the Snake Pit
 24269 | Snake:1  | Identified the +3 mace "Tyimp" {venom, rF++ Dex-4}
 24276 | Snake:1  | Reached XP level 16. HP: 158/159 MP: 23/23
 24278 | Snake:1  | Noticed Zoimialu's ghost (adept OpHW)
 24355 | Snake:1  | Found a transporter.
 24362 | Snake:1  | Found a bloodstained altar of Trog.
 24365 | Snake:1  | Found a transporter.
 24427 | Snake:1  | Found Icunke's General Store.
 24435 | Snake:1  | Bought a potion of ambrosia for 96 gold pieces
 24435 | Snake:1  | Bought a scroll of teleportation for 36 gold pieces
 24866 | Snake:2  | Found Verch's Weapon Emporium.
 25786 | Snake:3  | Found Ukont's Weapon Emporium.
 25829 | Snake:3  | Found Toshruss's Jewellery Shoppe.
 25829 | Snake:3  | Found Xomokhlu's Distillery.
 25850 | Snake:3  | Found Emmecs's Antique Armour Shoppe.
 26305 | Snake:3  | Found Ufoledoe's Weapon Emporium.
 26411 | Abyss:2  | Found a corrupted altar of Lugonu.
 26411 | Abyss:2  | Cast into level 2 of the Abyss (salamander)
 26477 | Abyss:2  | Found a corrupted altar of Lugonu.
 26511 | Abyss:2  | Found a corrupted altar of Lugonu.
 26534 | Abyss:2  | Found a corrupted altar of Lugonu.
 26546 | Snake:3  | Escaped the Abyss
 26866 | Snake:4  | Entered Level 4 of the Snake Pit
 27139 | Snake:4  | Reached skill level 10 in Shields
 27146 | Snake:4  | Reached XP level 17. HP: 143/169 MP: 24/24
 27286 | Snake:4  | HP: 7/170 [shock serpent (13)]
 27287 | Snake:4  | Killed from afar by a shock serpent

Illustrated notes

Levels and vault maps discovered:
D:1:      dpeg_arrival_subterranean_lakeside_camping, layout_loops_ring
D:2:      layout_basic, chequers_ecumenical_altar_grove
D:3:      layout_basic, overflow_temple_1_default, serial_aquarium,
          aquarium_bridge_long_joined [aquarium_subvault_window,
          aquarium_subvault_wall, aquarium_subvault_wall,
          aquarium_subvault_balcony, aquarium_subvault_window,
          aquarium_subvault_bridge], aquarium_window_fake, aquarium_window_2,
          aquarium_window_2, aquarium_view_2e, aquarium_view_2d, uniq_grinder,
          uniq_natasha, uniq_ijyb, uniq_jessica, uniq_robin, uniq_sigmund
D:4:      layout_cave_pods
D:5:      layout_basic, ebering_ghost_reflecting_pool,
          nicolae_shop_sticking_my_neck_out
D:6:      layout_loops_corners, minmay_temple_entry_trees,
          mrwooster_statue_mirror, kennysheep_minor_cross,
          kennysheep_windowed_goal
D:7:      minmay_the_grid_triangle_9x9_rhombus_full
          [minmay_the_grid_triangle_9x9_tough_junction,
          minmay_the_grid_triangle_9x9_descending_squares,
          minmay_the_grid_triangle_9x9_pentomino_pain,
          minmay_the_grid_triangle_9x9_skeleton,
          minmay_the_grid_triangle_9x9_flanged_cone,
          minmay_the_grid_triangle_9x9_wacky_v,
          minmay_the_grid_triangle_9x9_zippers_vertical,
          minmay_the_grid_triangle_9x9_prize_schism], layout_loops_ring,
          nemelex_spade_bored_becter, gammafunk_ghost_hive, dreamdust_gnoll_farm
D:8:      nicolae_cairo_tiling_large, layout_basic, kennysheep_little_box,
          jmf_multi_god_temple, serial_corexii_hall, corexii_hall_statues_u,
          chequers_hall_statues_y
D:9:      layout_big_octagon, dpeg_lair_monsters, uniq_pikel
D:10:     layout_roguey, minmay_beelzebubs_servants
D:11:     layout_loops_corners, kennysheep_orc_monster_closet_entryway,
          cheibrodos_ashenzari_chains
D:12:     layout_irregular_city, uniq_maurice, uniq_fannar, uniq_lodul,
          uniq_urug, uniq_kirke
D:13:     layout_stronghold, serial_shops, shop, minmay_shop_grid_forest
D:14:     layout_irregular_city, david_vaults_4, grunt_decor_clamped,
          uniq_louise
D:15:     grunt_enter_depths_magical_seal, layout_layer_cave, nrook_mini_vaults
Temple:   bh_familiar_temple
Lair:1:   layout_loops_ring, portal_ice_cave_entry_imps, lemuel_fruit_fields,
          grunt_megastairs_3
Lair:2:   layout_roguey, skrybe_swamp_entry_bodies, serial_bayou_shore_b
Lair:3:   layout_loops_ring, guppyfry_snake_entry_island, basic_altar,
          chequers_serial_rivers_small_b, infiniplex_staircase_pool_2,
          serial_bayou_shore_a, uniq_gastronok
Lair:4:   layout_regular_city, slime_entry_1, grunt_megastairs_4
Lair:5:   grunt_lair_end_beastmaster, layout_misc_corridors,
          chequers_serial_rivers_micro_d, minivault_24, st_stairs_7
Snake:1:  layout_cave_shapes, serial_shops, shop,
          gammafunk_ghost_wrathful_warriors
Snake:2:  cheibrodos_forgotten_conduit, layout_onion, serial_shops,
          nicolae_shop_waterfront, grunt_ministairs_11, grunt_megastairs_5
Snake:3:  layout_basic, serial_shops, shop, minmay_shoptagon
Snake:4:  johnstein_snake_rune_scales, layout_basic
Orc:1:    layout_diamond_mine, basic_altar, uniq_snorg
Orc:2:    grunt_orc_cross, layout_diamond_mine, uniq_donald, uniq_erolcha,
          uniq_azrael, uniq_jorgrun

Skill      XL: |  1  2  3  4  5  6  7  8  9 10 11 12 13 14 15 16 |
---------------+-------------------------------------------------+-----
Fighting       | 4 5 6 7 8 10 12 13 15 16 17 18 19 | 19.8
Armour         | 4 5 6 7 8 10 12 13 15 16 17 18 19 | 19.9
Axes           | 3 4 5 6 8 10 11 13 14 16 17 18 19 | 19.7
Invocations    | 3 6 8 10 | 10.7
Shields        | 6 10 | 10.4

Action                     |  1- 3 |  4- 6 |  7- 9 | 10-12 | 13-15 | 16-18 || total
---------------------------+-------+-------+-------+-------+-------+-------++-------
  Melee: War axe           |    66 |    76 |   274 |   647 |   740 |       ||  1803
         Headbutt          |     8 |    13 |    59 |   134 |   324 |    85 ||   623
         Flail             |       |       |       |       |    37 |       ||    37
         Short sword       |       |       |       |       |     8 |       ||     8
         Broad axe         |       |       |       |       |   293 |   382 ||   675
 Invoke: Grand Finale      |       |       |       |       |     1 |       ||     1
  Evoke: Wand              |       |       |       |     4 |     5 |       ||     9
    Use: Scroll            |     2 |       |       |     9 |    17 |     4 ||    32
         Potion            |       |       |       |     3 |     4 |     5 ||    12
   Stab: Paralysed         |       |       |     6 |    52 |   130 |    55 ||   243
         Distracted        |       |       |       |       |     1 |       ||     1
 Armour: Scale mail        |    10 |       |       |       |       |       ||    10
         Chain mail        |    31 |    44 |   106 |   118 |   717 |   243 ||  1259
         Plate armour      |       |       |    37 |   522 |    82 |       ||   641
  Dodge: Dodged            |    33 |    30 |    86 |   253 |   340 |   110 ||   852
  Block: Buckler           |    12 |    19 |    47 |   145 |   218 |   102 ||   543
